 Dungeon Crawl Stone Soup version 0.28-a0-823-gb444dcf96d (webtiles) character file.

Game seed: 15935936933297967959

53 cheechan the Bolt Thrower (level 3, -1/24 HPs)
             Began as an Octopode Hunter on Nov 9, 2021.
             Slain by a goblin (3 damage)
             ... led by Robin
             ... on level 2 of the Dungeon.
             The game lasted 00:05:40 (1433 turns).

cheechan the Bolt Thrower (Octopode Hunter)         Turns: 1433, Time: 00:05:41

Health: -1/24      AC:  1    Str: 11    XL:     3   Next: 89%
Magic:  3/3        EV: 13    Int: 13    God:
Gold:   45         SH:  0    Dex: 13    Spells: 2/2 levels left

rFire   . . .      SeeInvis .   a - +1 hand crossbow
rCold   . . .      Faith    .   (no shield)
rNeg    . . .      Spirit   .   (helmet restricted)
rPois   .          Reflect  .   (no amulet)
rElec   .          Harm     .   (no ring)
rCorr   .          Rampage  .   (no ring)
Will    .....                   (no ring)
Stlth   +++.......              (no ring)
HPRegen 0.08/turn               (no ring)
MPRegen 0.08/turn               (no ring)
                                (no ring)
                                (no ring)

@: no status effects
A: almost no armour, amphibious, 8 rings, camouflage 1, gelatinous body 1,
(nimble swimmer 1), tentacles
a: no special abilities


You were on level 2 of the Dungeon.
You visited 1 branch of the dungeon, and saw 2 of its levels.

You collected 45 gold pieces.

Inventory:

Hand Weapons
 a - a +1 hand crossbow (weapon)
 b - a +0 short sword
Missiles
 c - 5 bolts (quivered ammo)
 d - 37 poisoned darts (quivered)
Scrolls
 e - a scroll of blinking {unknown}
Potions
 f - a potion of curing {unknown}


   Skills:
 + Level 2.3 Fighting
 + Level 5.2 Crossbows
 + Level 2.1 Dodging
 + Level 1.4 Stealth


You had 2 spell levels left.
You didn't know any spells.
Your spell library was empty.

Dungeon Overview and Level Annotations

Branches:
Dungeon (2/15)

Altars:

Annotations:
D:2 Robin


Innate Abilities, Weirdness & Mutations

You cannot wear most types of armour.
You are amphibious.
You can wear up to eight rings at the same time.
Your skin changes colour to match your surroundings (Stealth+).
Your rubbery body absorbs attacks. (AC +1, EV +1)
((You are camouflaged near water. (Stealth+)))
You have tentacles for arms and can constrict up to eight enemies at once.


Message History

You shoot a bolt. The bolt closely misses the hobgoblin.
The bolt closely misses the goblin.
The bolt barely misses the hobgoblin.
The bolt hits the goblin.
You kill the goblin!
The hobgoblin barely misses you. The hobgoblin hits you.
Okay, then.
Fire: 8 bolts
Press: ? - help, Shift-Dir - straight line, f/p - hobgoblin
Aim: a hobgoblin (strong, 65% to hit)
You shoot a bolt. The bolt hits the hobgoblin!
You kill the hobgoblin!
Unknown command.
Fire: 7 bolts
Press: ? - help, Shift-Dir - straight line, f - goblin
Aim: a goblin, wielding a +0 dagger (strong, 59% to hit)
You shoot a bolt. The bolt hits the goblin!
You kill the goblin!
Robin throws the goblin at you! The goblin barely misses you.
Unknown command.
You clumsily bash the goblin but do no damage.
You grab the goblin.
You constrict the goblin, but do no damage.
The goblin closely misses you. x2; The goblin hits you with a +0 dagger.
Robin says, "Feeling lonely?"
The goblin hits you with a +0 club.
You clumsily bash the goblin but do no damage.
You constrict the goblin. The goblin closely misses you.
The goblin hits you with a +0 club.
* * * LOW HITPOINT WARNING * * *
Fire: 6 bolts
Press: ? - help, Shift-Dir - straight line, f - goblin
Aim: a goblin, wielding a +0 club (severely wounded, constricted by you, strong, 87% to hit)
You shoot a bolt. The bolt hits the goblin!
You kill the goblin!
The goblin hits you with a +0 dagger.
* * * LOW HITPOINT WARNING * * *
Robin throws the goblin at you!
* * * LOW HITPOINT WARNING * * *
The goblin hits you with a +0 dagger.
You die... ##.<......?# '.........+ ......... .(.(.:. .ggg. g.g

#g# #@# #g#
###.#######
#.........#
#..)..###.###.#
#.............#
....#.#.###.#####
..#......# #†# #
##.#.### #.#


You could see Robin, 3 hobgoblins and 3 goblins.

Vanquished Creatures
  3 dart slugs (D:1)
  4 bats (D:1)
  2 endoplasms
  A giant cockroach (D:1)
  12 goblins
  8 hobgoblins
  2 jackals (D:2)
  3 quokkas
  2 frilled lizards (D:1)
  2 kobolds (D:1)
  A rat (D:1)
40 creatures vanquished.

Notes
Turn   | Place    | Note
-------+----------+-------------------------------------------
     0 | D:1      | cheechan the Octopode Hunter began the quest for the Orb.
     0 | D:1      | Reached XP level 1. HP: 14/14 MP: 1/1
   226 | D:1      | Reached XP level 2. HP: 19/19 MP: 2/2
   592 | D:1      | Reached XP level 3. HP: 24/24 MP: 3/3
   988 | D:1      | Reached skill level 5 in Crossbows
  1423 | D:2      | Noticed Robin
  1433 | D:2      | Slain by a goblin

Illustrated notes

Levels and vault maps discovered:
D:1:      minmay_arrival_radiant_lines, layout_basic
D:2:      layout_loops_corners, shapermc_ecumenical_altar_totnotflames,
          uniq_robin

Skill      XL: |  1  2  3 |
---------------+----------+-----
Crossbows      | 5 |  5.2
Fighting       | |  2.3
Dodging        | |  2.1
Stealth        | |  1.4

Action                   || total
-------------------------++-------
Melee: Hand crossbow     ||    18
       Constrict         ||     7
       Tentacles         ||     3
 Fire: Hand crossbow     ||    70
 Stab: Sleeping          ||     2
Armor: Skin              ||     3
Dodge: Dodged            ||    41

Table legend: (Time is in decaauts)
 A = Elapsed time spent in this place.
 B = Non-inter-level travel time spent in this place.
 C = Inter-level travel time spent in this place.
 D = Time resting spent in this place.
 E = Time spent auto-exploring this place.
 F = Levels seen in this place.
 G = Mean time per level.
                   A        B        C        D        E       F      G
               +--------+--------+--------+--------+--------+-----+--------+
         Total |   1460 |   1460 |      0 |      0 |      0 |   2 |  730.0 |
       Dungeon |   1460 |   1460 |      0 |      0 |      0 |   2 |  730.0 |
               +--------+--------+--------+--------+--------+-----+--------+

Top non-repeatable levels by time:
     D:1: 1298 daAuts
     D:2: 162 daAuts
